 Dungeon Crawl Stone Soup version 0.31-a0-986-g5e6e4ef867 (webtiles) character file.

Game seed: 472803450812711903

133 avis the Ducker (level 4, 21/21 HPs)
             Began as a Felid Shapeshifter on Nov 9, 2023.
             Got out of the dungeon alive.
             The game lasted 00:08:34 (2125 turns).

avis the Ducker (Felid Shapeshifter)                Turns: 2125, Time: 00:08:34

Health: 21/21      AC:  1    Str: 10    XL:     4   Next: 93%
Magic:  5/5        EV: 20    Int: 11    God:
Gold:   115        SH:  0    Dex: 17    Spells: 3/3 levels left
                                        Lives:  0   Deaths: 2

rFire   . .          .
                       - Unarmed
rCold   . . .        (shield unavailable)
rNeg    . . .        (body armour unavailable)
rPois   .            (helmet unavailable)
rElec   .            (cloak unavailable)
rCorr   .            (gloves unavailable)
SInv    +            (boots unavailable)
Will    .....        (no amulet)
Stlth   ++           (no ring)
HPRegen 0.23/turn    (no ring)
MPRegen 0.09/turn

%: no passive effects
@: beast-form, quick
A: beast (slay +2), very small, claws 1, fangs 3, see invisible, speed 1, shaggy
fur 1, stealthy paws, no weapons or thrown items, no armour, multi-lived
a: Begin Untransformation


You escaped.
You were a hulking beast.
You visited 1 branch of the dungeon, and saw 3 of its levels.

You collected 115 gold pieces.

Inventory:

Talismans
 b - a beast talisman
 c - a flux talisman
Scrolls
 d - 5 scrolls of identify {unknown}
 e - a scroll of amnesia {unknown}
 j - a scroll of revelation {unknown}
 l - 2 scrolls of teleportation {unknown}
Potions
 a - a potion of lignification
 f - a potion of attraction {unknown}
 g - a potion of mutation {unknown}
 h - a potion of enlightenment {unknown}
 i - 2 potions of curing {unknown}
 k - a potion of ambrosia {unknown}


   Skills:
 - Level 3.0 Fighting
 * Level 5.4 Dodging
 - Level 3.0 Unarmed Combat
 - Level 3.5 Shapeshifting


You had 3 spell levels left.
You didn't know any spells.
Your spell library was empty.

Dungeon Overview and Level Annotations

Branches:
Dungeon (3/15)

Altars:
Sif Muna

Shops:
D:1 ?


Innate Abilities, Weirdness & Mutations

You are a hulking beast.
Your limbs bulge with bestial killing power. (Slay +2)
You have sharp claws.
You have razor-sharp teeth.
You have supernaturally acute eyesight. (SInv)
You cover ground quickly. (Speed+)
You are covered in fur. (AC +1)
Your paws help you pounce on unaware monsters.
You are incapable of wielding weapons or throwing items.
You cannot wear armour.
You gain extra lives every three experience levels.


Message History

You bite the orc wizard.
The orc wizard is severely wounded.
The orc wizard hits you with a +0 dagger.
You closely miss the orc wizard. You claw the orc wizard.
The orc wizard is almost dead.
The orc wizard gestures at you while chanting.
You are confused.
The orc wizard gestures at you while chanting.
The magic dart hits you!
You die...
Your shape twists and changes as you die.
You rejoin the land of the living...
There is an open door here.
The orc wizard casts a spell at you. The magic dart hits you.
The orc wizard misses you.
You scratch the orc wizard.
The orc wizard is almost dead.
The orc wizard hits you with a +0 dagger.
You scratch the orc wizard but do no damage.
Your bite misses the orc wizard.
The orc wizard is almost dead.
The orc wizard barely misses you.
You scratch the orc wizard.
You kill the orc wizard!
Your Dodging skill increases to level 5!
Things that are here:
a +0 dagger; a +0 robe; an orc corpse
There is a stone staircase leading up here.
What level of the Dungeon? (default 2, ? - help)
You climb upwards.
There is a stone staircase leading down here.
There is a stone staircase leading up here.
You climb upwards.
HP restored.
There is a stone staircase leading down here.
There is a large open door here.
There is a large open door here.
There is a large open door here.
There is a staircase leading out of the dungeon here.
You have escaped!

....#.# ###...#.#..#
.####.# #..........###
.####(# #.#...#.##....
......# ####.##.######
.###### ######.##.# .#
### #....####.# .#
##.## ###.≈≈.####.# .#
##.#.###.'§§§.'.'..####
.#
#.###..#h'.≈§.'.'.....#
##
##.#.#####.§≈.###.###.#
######## ##.## #..§.#
#.# #.# .......# #.##
###### #.# #.# ######.#
#..## #######.###.##
#.# ##.#.##
##.#..........# #.#
#...#.###...####.###..#
#### #.#
##...##...............#
...###.#
###.###.#...####.##...#


There were no monsters in sight!

Vanquished Creatures
  Jessica (D:2)
  An orc wizard (D:3)
  2 adders (D:2)
  2 worms (D:2)
  3 dart slugs
  4 orcs
  2 ball pythons
  5 endoplasms
  A giant cockroach (D:1)
  3 goblins
  A hobgoblin (D:2)
  7 jackals (D:2)
  3 quokkas
  2 bats (D:2)
  3 frilled lizards (D:1)
  5 kobolds (D:1)
  A rat (D:2)
46 creatures vanquished.

Notes
Turn   | Place    | Note
-------+----------+-------------------------------------------
     0 | D:1      | avis the Felid Shapeshifter began the quest for the Orb.
     0 | D:1      | Reached XP level 1. HP: 9/9 MP: 2/2
   163 | D:1      | Reached XP level 2. HP: 13/13 MP: 3/3
   232 | D:1      | You fall into a shaft and drop 1 floor!
   255 | D:1      | Found Hevod's Magic Scroll Emporium.
   485 | D:1      | Reached skill level 3 in Dodging
   740 | D:2      | Noticed Jessica
   746 | D:2      | Slain by Jessica
   771 | D:2      | Killed Jessica
   772 | D:2      | Reached XP level 3. HP: 17/17 MP: 4/4
   844 | D:2      | Reached skill level 4 in Dodging
   844 | D:2      | Reached XP level 4. HP: 21/21 MP: 5/5
  1047 | D:2      | HP: 1/21 [worm (10)]
  1952 | D:3      | Found a shimmering blue altar of Sif Muna.
  2047 | D:3      | Killed from afar by an orc wizard
  2059 | D:3      | Reached skill level 5 in Dodging
  2125 | D:$      | Got out of the dungeon alive.

Illustrated notes

Levels and vault maps discovered:
D:1:      lightli_arrival_lavapool, layout_loops_ring, serial_shops,
          nicolae_shop_hallway_stairs, grunt_decor_one_mirror, amethyst_killhole
D:2:      layout_loops_cross, uniq_jessica
D:3:      layout_basic, mainiacjoe_overflow_catwalk, lemuel_crystal_altar,
          dancing_weapons_uskayaw, kennysheep_path_1

Skill      XL: |  1  2  3  4 |
---------------+-------------+-----
Fighting       | 3 |  3.0
Dodging        | 3 4 5 |  5.4
Unarmed Combat | |  3.0
Shapeshifting  | |  3.5

Action                     |  1- 3 |  4- 6 || total
---------------------------+-------+-------++-------
  Melee: Unarmed           |    49 |    60 ||   109
         Punch             |     2 |     2 ||     4
         Bite              |     2 |     8 ||    10
 Armour: Skin              |     6 |    27 ||    33
  Dodge: Dodged            |    31 |    29 ||    60

Table legend: (Time is in decaauts)
 A = Elapsed time spent in this place.
 B = Non-inter-level travel time spent in this place.
 C = Inter-level travel time spent in this place.
 D = Time resting spent in this place.
 E = Time spent auto-exploring this place.
 F = Levels seen in this place.
 G = Mean time per level.
                   A        B        C        D        E       F      G
               +--------+--------+--------+--------+--------+-----+--------+
         Total |   1779 |   1571 |    208 |    151 |    896 |   3 |  593.0 |
       Dungeon |   1779 |   1571 |    208 |    151 |    896 |   3 |  593.0 |
               +--------+--------+--------+--------+--------+-----+--------+

Top non-repeatable levels by time:
     D:2: 923 daAuts
     D:1: 640 daAuts
     D:3: 215 daAuts
